 Dungeon Crawl Stone Soup version 0.25-a0-265-g7af84ae (webtiles) character file.

Game seed: 5726286348428606971, levelgen mode: deterministic

647 Birdy the Bolt Thrower (level 7, -12/90 HPs)
             Began as a Demigod Hunter on Dec 9, 2019.
             Mangled by an ogre
             ... wielding a +0 giant spiked club
              (16 damage)
             ... on level 5 of the Dungeon.
             The game lasted 00:08:20 (4128 turns).

Birdy the Bolt Thrower (Demigod Hunter)             Turns: 4128, Time: 00:08:21

Health: -12/90     AC: 23    Str: 14 (15) XL:     7   Next: 6%
Magic:  9/9        EV:  2    Int: 16 (19) God:
Gold:   173        SH:  0    Dex: 21      Spells: 6/6 levels left

rFire    . . .     SeeInvis .   b - +0 short sword
rCold    . . .     Gourm    +   (no shield)
rNeg     + + +     Faith    .   (armour currently unavailable)
rPois    +         Spirit   .   (helmet currently unavailable)
rElec    .         Reflect  .   (cloak currently unavailable)
rCorr    .         Harm     .   (gloves currently unavailable)
MR       .....     NoTele   +   (boots currently unavailable)
Stlth    ++........             i - amulet of the gourmand
HPRegen  0.25/turn              k - +5 ring of dexterity
MPRegen  0.11/turn              (no ring)

@: tree-form
A: high mp 1
a: no special abilities


You were on level 5 of the Dungeon.
You were not hungry.
You were a tree.
You visited 1 branch of the dungeon, and saw 5 of its levels.

You collected 173 gold pieces.

Inventory:

Hand Weapons
 a - a +1 hand crossbow
 b - a +0 short sword (weapon)
Missiles
 d - 20 bolts
Armour
 c - a +0 leather armour (melded)
 o - a +0 cloak (melded)
Jewellery
 i - an amulet of the gourmand (around neck)
 k - a +5 ring of dexterity (left branch)
Wands
 h - a wand of polymorph (7)
Scrolls
 e - 2 scrolls of enchant armour {unknown}
 j - 3 scrolls of remove curse
 l - a scroll of enchant weapon
 m - 3 scrolls of teleportation {unknown}
 n - a scroll of magic mapping {unknown}
Comestibles
 f - 7 rations


   Skills:
 + Level 4.3 Fighting
 + Level 5.7 Crossbows
 + Level 4.3 Dodging
 - Level 0.8 Stealth


You had 6 spell levels left.
You didn't know any spells.
Your spell library was empty.

Dungeon Overview and Level Annotations

Branches:
Dungeon (5/15)
 Temple: D:4-7


Innate Abilities, Weirdness & Mutations

You have an increased reservoir of magic. (+10% MP)


Message History

Firing (i - inventory)
d - 21 bolts (quivered)
Press: ? - help, Shift-Dir - straight line, f/p - ogre
Aim: an ogre, wielding a +0 giant spiked club (severely wounded)
You shoot a bolt. The bolt hits the ogre.
The ogre is severely wounded.
The ogre hits you with a +0 giant spiked club!!
* * * LOW HITPOINT WARNING * * *
Okay, then.
Okay, then.
Really quaff the potion of lignification?
You turn into a tree.
Your +0 cloak melds into your body.
Your +0 leather armour melds into your body.
Your roots penetrate the ground.
The ogre hits you with a +0 giant spiked club!
* * * LOW HITPOINT WARNING * * *
b - a +0 short sword (weapon)
You hit the ogre.
The ogre is almost dead.
The ogre hits you with a +0 giant spiked club!
You die...

#...###......# ##########
....###......# #######
....#........#####.....##
..#.#.#........##.......##
..#...#......#.†.........#
..##..##########.........#
####..# #.........#
...#..##########.........#
................♣†.......#
####.....#######.O.......#
.......#.# #.........#
.......#..# #.........#
.......# ..# #.........#
###....# #..# #.........#
. ..#### #..# ##.....(.##
###.. #.# ##......... #..#
#####..(....


You could see an ogre.

Vanquished Creatures
  An ogre (D:4)
  2 scorpions (D:4)
  A centaur zombie (D:4)
  An orc priest (D:3)
  A centaur skeleton (D:4)
  A gnoll shaman (D:4)
  An iguana (D:4)
  3 worker ants
  A worker ant zombie (D:5)
  4 gnolls
  4 adders
  A shadow imp (D:5)
  3 oozes
  9 worms
  5 dart slugs
  4 leopard geckos
  13 orcs
  7 bats
  2 giant cockroaches
  7 hobgoblins
  5 jackals
  3 kobolds
  3 quokkas
  A ball python (D:3)
  5 frilled lizards
  15 goblins
  A quokka skeleton (D:3)
  7 rats
111 creatures vanquished.

Notes
Turn   | Place    | Note
-------+----------+-------------------------------------------
     0 | D:1      | Birdy the Demigod Hunter began the quest for the Orb.
     0 | D:1      | Reached XP level 1. HP: 17/17 MP: 3/3
    13 | D:1      | Reached skill level 4 in Crossbows
    13 | D:1      | Reached XP level 2. HP: 24/24 MP: 4/4
   421 | D:1      | Reached XP level 3. HP: 29/29 MP: 5/5
  1046 | D:2      | Reached XP level 4. HP: 37/37 MP: 6/6
  1988 | D:3      | Reached XP level 5. HP: 45/45 MP: 7/7
  2354 | D:4      | Reached skill level 5 in Crossbows
  2603 | D:4      | Reached XP level 6. HP: 41/51 MP: 8/8
  3928 | D:5      | Entered Level 5 of the Dungeon
  4062 | D:5      | Reached XP level 7. HP: 46/59 MP: 9/9
  4126 | D:5      | HP: 4/90 [ogre/+0 giant spiked club (9)]
  4128 | D:5      | Mangled by an ogre

Levels and vault maps discovered:
D:1:      dpeg_arrival_rhombus, layout_loops_ring, serial_glass,
          glass_columns_c, glass_columns_a, glass_columns_c, glass_columns_b,
          glass_columns_b, item_on_display_a, serial_park_tiny_pond,
          minmay_pentomino_u2
D:2:      layout_basic, st_stairs_11
D:3:      kennysheep_big_flooded_room, layout_basic, minmay_misc_feat_alley
D:4:      layout_basic, first_ration, grunt_decor_cap
D:5:      layout_rooms

Skill      XL: |  1  2  3  4  5  6 |
---------------+-------------------+-----
Crossbows      | 4 5 |  5.7
Fighting       | 2 3 4 |  4.3
Dodging        | 2 3 4 |  4.3
Stealth        | |  0.8

Action                   |  1- 3 |  4- 6 |  7- 9 || total
-------------------------+-------+-------+-------++-------
Melee: Short sword       |    28 |    97 |     1 ||   126
 Fire: Hand crossbow     |    76 |   133 |    12 ||   221
  Use: Potion            |     4 |     5 |     1 ||    10
       Scroll            |     5 |     2 |       ||     7
  Eat: Chunk             |       |    12 |       ||    12
Armor: Leather armour    |     9 |    23 |       ||    32
Dodge: Dodged            |    26 |    77 |       ||   103

Table legend:
 A = Non-vault XP
 B = Vault XP
 C = Vault XP percentage of total XP
 D = Non-vault monster count
 E = Vault monster count
 F = Vault count percentage of total count
                 A         B        C        D         E       F
            +---------+---------+-------+---------+---------+-------
      Total |     897 |      28 |   3.0 |     103 |       8 |   7.2
            +---------+---------+-------+---------+---------+-------
        D:1 |      58 |       6 |   9.4 |      21 |       2 |   8.7
        D:2 |      72 |      15 |  17.2 |      25 |       4 |  13.8
        D:3 |      89 |       7 |   7.3 |      20 |       2 |   9.1
        D:4 |     576 |       0 |   0.0 |      28 |       0 |   0.0
        D:5 |     102 |       0 |   0.0 |       9 |       0 |   0.0
            +---------+---------+-------+---------+---------+-------
